[Event "WYCC U14 Open 2019"]
[Site "Mumbai"]
[Date "2019.10.04"]
[Round "4.7"]
[White "Aaryan Varshney"]
[Black "Bochnicka, Vladimir"]
[Result "1/2-1/2"]
[ECO "D47"]
[WhiteElo "2239"]
[BlackElo "2087"]
[Annotator "NA"]
[PlyCount "66"]
[EventDate "2019.10.02"]
[EventType "swiss"]
[EventCountry "IND"]
[SourceTitle "playchess.com"]
[Source "ChessBase"]
[SourceQuality "1"]
[TimeControl "40/5400+30:1800+30"]

1. d4 d5 2. c4 c6 3. Nf3 Nf6 4. Nc3 e6 5. e3 Nbd7 6. Bd3 dxc4 7. Bxc4 b5 8. Bd3 Bb7 9. O-O a6 10. e4 c5 11. d5 Qc7 12. Bc2 O-O-O 13. dxe6 Ne5 14. Qe2 Nxf3+ 15. Qxf3 fxe6 16. Qh3 Qf7 17. Be3 Be7 18. Rfd1 g5 19. Rxd8+ Rxd8 20. Bxg5 Rg8 21. Be3 Ng4 22. Rd1 Rg6 23. a4 b4 24. Ne2 Bg5 25. f4 Be7 26. f5 exf5 27. exf5 Rg8 28. f6 Qxf6 29. Bf4 c4 30. Qh5 Ne3 31. Qh3+ Ng4 32. Qh5 Ne3 33. Qh3+ Ng4 1/2-1/2

[Event "WYCC U14 Open 2019"]
[Site "Mumbai"]
[Date "2019.10.04"]
[Round "4.10"]
[White "Pranav Vijay"]
[Black "Kondakov, Adrian"]
[Result "1-0"]
[ECO "C47"]
[WhiteElo "2265"]
[BlackElo "1991"]
[Annotator "NA"]
[PlyCount "137"]
[EventDate "2019.10.02"]
[EventType "swiss"]
[EventCountry "IND"]
[SourceTitle "playchess.com"]
[Source "ChessBase"]
[SourceQuality "1"]
[TimeControl "40/5400+30:1800+30"]

1. e4 e5 2. Nf3 Nc6 3. Nc3 Nf6 4. g3 d5 5. exd5 Nxd5 6. Bg2 Nxc3 7. bxc3 Bc5 8. O-O O-O 9. d3 Re8 10. Qe2 h6 11. a4 Bb6 12. Rb1 Bg4 13. h3 Bxf3 14. Bxf3 Qd7 15. Qe4 Rad8 16. g4 Qe7 17. Kg2 Qf6 18. Rb5 Qe6 19. h4 a6 20. Rd5 Rxd5 21. Qxd5 Qxd5 22. Bxd5 Nd8 23. Re1 c6 24. Bf3 Ba5 25. Bd2 Kf8 26. Kf1 Re6 27. Be4 Kg8 28. Bf5 Re8 29. h5 Kf8 30. Rb1 Kg8 31. Rb3 Re7 32. Be3 Ne6 33. Kg1 Kh8 34. Kg2 Kg8 35. Kg3 Bd8 36. Bxe6 fxe6 37. Kf3 Kf7 38. Ke4 Kf6 39. f3 Rd7 40. Bf2 Ba5 41. Bh4+ Kf7 42. Kxe5 Bc7+ 43. Ke4 Ba5 44. Bg3 Re7 45. Be5 Rd7 46. Rb1 Re7 47. f4 Rd7 48. g5 hxg5 49. fxg5 Kg8 50. g6 Bd8 51. c4 Bg5 52. Kf3 Bd2 53. c5 Bg5 54. Bd6 Bf6 55. Re1 e5 56. d4 Rd8 57. dxe5 Bg5 58. Rb1 a5 59. Rxb7 Rc8 60. Ke4 Bh4 61. e6 Bf6 62. Rf7 Re8 63. Kf5 Bd8 64. e7 Bxe7 65. Bxe7 Rb8 66. Rf8+ Rxf8+ 67. Bxf8 Kxf8 68. Ke6 Kg8 69. Kd6 1-0

[Event "WYCC U14 Open 2019"]
[Site "Mumbai"]
[Date "2019.10.04"]
[Round "4.11"]
[White "Wu, Logan"]
[Black "Morgunov, Marc"]
[Result "0-1"]
[ECO "C78"]
[WhiteElo "1994"]
[BlackElo "2280"]
[Annotator "NA"]
[PlyCount "74"]
[EventDate "2019.10.02"]
[EventType "swiss"]
[EventCountry "IND"]
[SourceTitle "playchess.com"]
[Source "ChessBase"]
[SourceQuality "1"]
[TimeControl "40/5400+30:1800+30"]

1. e4 e5 2. Nf3 Nc6 3. Bb5 a6 4. Ba4 Nf6 5. O-O b5 6. Bb3 d6 7. c3 Na5 8. Bc2 c5 9. d4 Qc7 10. h3 Be7 11. Re1 Bd7 12. Nbd2 Rc8 13. dxe5 dxe5 14. Nf1 O-O 15. Bg5 Be6 16. Ne3 Nc4 17. Nxc4 Bxc4 18. Bb3 Rfd8 19. Qc1 Bd3 20. Bxf6 Bxf6 21. Bd5 c4 22. Qd2 h6 23. Qe3 a5 24. Red1 Qc5 25. Qxc5 Rxc5 26. Rd2 Rcxd5 27. exd5 e4 28. Ne1 b4 29. cxb4 axb4 30. Nxd3 exd3 31. g3 Rxd5 32. Rad1 c3 33. bxc3 bxc3 34. f4 cxd2 35. Rxd2 Bc3 36. Rd1 d2 37. Kf2 Ra5 0-1

[Event "WYCC U14 Open 2019"]
[Site "Mumbai"]
[Date "2019.10.04"]
[Round "4.12"]
[White "Sun, Jiajun B"]
[Black "Arhan Chethan Anand"]
[Result "1-0"]
[ECO "C77"]
[WhiteElo "1977"]
[BlackElo "2167"]
[Annotator "NA"]
[PlyCount "159"]
[EventDate "2019.10.02"]
[EventType "swiss"]
[EventCountry "IND"]
[SourceTitle "playchess.com"]
[Source "ChessBase"]
[SourceQuality "1"]
[TimeControl "40/5400+30:1800+30"]

1. e4 e5 2. Nf3 Nc6 3. Bb5 a6 4. Ba4 Nf6 5. d3 d6 6. c3 g6 7. O-O Bg7 8. Nbd2 b5 9. Bb3 O-O 10. Re1 Na5 11. Bc2 c5 12. d4 Nc6 13. dxc5 dxc5 14. a4 Be6 15. Nf1 Qe7 16. Ne3 Rfd8 17. Qe2 c4 18. Ng5 Rac8 19. axb5 axb5 20. Bd2 Bf8 21. Red1 h6 22. Nxe6 Qxe6 23. h3 Kh7 24. Be1 Bc5 25. Ra6 Rxd1 26. Nxd1 Nh5 27. Ne3 Nf4 28. Qf3 Bxe3 29. Qxe3 Qd6 30. Kh2 Ne6 31. Bd2 h5 32. b4 cxb3 33. Bxb3 Nc5 34. Bxf7 Qf8 35. Ra1 Ne7 36. Bd5 Nxd5 37. exd5 Qg7 38. Rb1 Nb7 39. Rxb5 Nd6 40. Rb4 Nc4 41. Qe2 Qc7 42. Bg5 Nb6 43. Qb5 e4+ 44. g3 Nc4 45. Qb7 Ne5 46. d6 Qf7 47. Qxf7+ Nxf7 48. d7 Rxc3 49. d8=Q Nxd8 50. Bxd8 e3 51. fxe3 Rxe3 52. Bg5 Re2+ 53. Kg1 Re5 54. h4 Re2 55. Rb7+ Kg8 56. Rb6 Kg7 57. Rf6 Ra2 58. Rf2 Ra1+ 59. Kg2 Ra3 60. Re2 Rb3 61. Re3 Rb2+ 62. Kf3 Rb4 63. Re4 Rb3+ 64. Kf4 Ra3 65. Re7+ Kf8 66. Re3 Ra5 67. Rb3 Kf7 68. Rd3 Ke6 69. Re3+ Kf7 70. Re7+ Kf8 71. Rd7 Rb5 72. Ke4 Ra5 73. Rd5 Ra3 74. Ke5 Rb3 75. Rd8+ Kf7 76. Rd7+ Kf8 77. Ke6 Rb6+ 78. Rd6 Rb3 79. Kf6 Rf3+ 80. Kxg6 1-0

[Event "WYCC U14 Open 2019"]
[Site "Mumbai"]
[Date "2019.10.04"]
[Round "4.13"]
[White "Nikhil Magizhnan"]
[Black "Davtyan, Arsen"]
[Result "1/2-1/2"]
[ECO "B22"]
[WhiteElo "2160"]
[BlackElo "1942"]
[Annotator "NA"]
[PlyCount "255"]
[EventDate "2019.10.02"]
[EventType "swiss"]
[EventCountry "IND"]
[SourceTitle "playchess.com"]
[Source "ChessBase"]
[SourceQuality "1"]
[TimeControl "40/5400+30:1800+30"]

1. e4 c5 2. c3 d5 3. exd5 Qxd5 4. d4 Nc6 5. Nf3 cxd4 6. cxd4 e5 7. Nc3 Bb4 8. Bd2 Bxc3 9. Bxc3 e4 10. Nd2 Nf6 11. Bc4 Qg5 12. Qe2 Qxg2 13. O-O-O Bg4 14. Qe1 O-O-O 15. Rg1 Qh3 16. d5 Nxd5 17. Bxd5 Rxd5 18. Qxe4 Be6 19. Rxg7 Qh5 20. Rdg1 Qh6 21. f4 Rhd8 22. Rxh7 Qf8 23. Rh8 Qc5 24. Rxd8+ Rxd8 25. Rg5 Qf2 26. Rg2 Qc5 27. a3 Kb8 28. Qe2 Ka8 29. Rg5 Qd6 30. Qe3 Rc8 31. Kb1 Ne7 32. Ra5 a6 33. Bb4 Qc6 34. Rc5 Qh1+ 35. Kc2 Bf5+ 36. Kb3 Be6+ 37. Kc2 Nc6 38. Bc3 Bg4 39. b4 Qxh2 40. b5 axb5 41. Rxb5 Qh7+ 42. Kb2 f6 43. Nc4 Kb8 44. Bxf6 Qh2+ 45. Qd2 Qe2 46. Qxe2 Bxe2 47. Rc5 Rf8 48. Bg5 Ka7 49. Nd6 Kb6 50. Rc2 Bg4 51. Rg2 Be6 52. Re2 Bg4 53. Re3 Nd4 54. Re4 Ne6 55. Rb4+ Kc7 56. Nxb7 Bf3 57. Na5 Nxg5 58. fxg5 Rf5 59. Nb3 Rxg5 60. Nd4 Bd5 61. Rb5 Rg2+ 62. Kc3 Bc6 63. Rc5 Rg6 64. Rh5 Kb6 65. Nc2 Rg3+ 66. Kc4 Rg4+ 67. Nd4 Rg6 68. Rh4 Rg1 69. Rh6 Rc1+ 70. Kb4 Rb1+ 71. Kc3 Rc1+ 72. Kd2 Rc5 73. a4 Kb7 74. a5 Rxa5 75. Rxc6 Ra2+ 76. Kd3 Rh2 77. Rc1 Rh3+ 78. Kc4 Kc7 79. Rg1 Kd6 80. Rg5 Rh1 81. Rd5+ Ke7 82. Re5+ Kf6 83. Rf5+ Kg6 84. Ra5 Kf6 85. Nc2 Rh4+ 86. Kd3 Rh3+ 87. Ne3 Ke6 88. Ke4 Rh4+ 89. Kf3 Rh3+ 90. Kf4 Rh4+ 91. Ng4 Rh1 92. Ke4 Kd6 93. Rd5+ Kc6 94. Ne5+ Kb6 95. Nd3 Rh4+ 96. Nf4 Rh1 97. Ke5 Rh8 98. Ke6 Rh6+ 99. Kd7 Rh7+ 100. Kd6 Rh6+ 101. Ne6 Rh8 102. Rd1 Kb5 103. Rc1 Rh6 104. Rc8 Kb4 105. Rc1 Kb5 106. Rc5+ Kb4 107. Rg5 Kc4 108. Rg4+ Kc3 109. Kd5 Rh8 110. Rg3+ Kb4 111. Rf3 Rh5+ 112. Kd4 Rh4+ 113. Nf4 Rh1 114. Nd5+ Kb5 115. Rb3+ Kc6 116. Rb6+ Kd7 117. Rg6 Rd1+ 118. Ke4 Re1+ 119. Ne3 Kc7 120. Kd4 Kd7 121. Nf5 Ra1 122. Ne3 Re1 123. Nc4 Rd1+ 124. Kc5 Ke7 125. Ne3 Rc1+ 126. Kd5 Kf7 127. Rh6 Ra1 128. Kd4 1/2-1/2

[Event "WYCC U14 Open 2019"]
[Site "Mumbai"]
[Date "2019.10.04"]
[Round "4.14"]
[White "Luczak, Filip"]
[Black "Ayush Sharma"]
[Result "1-0"]
[ECO "A30"]
[WhiteElo "2136"]
[BlackElo "1939"]
[Annotator "NA"]
[PlyCount "115"]
[EventDate "2019.10.02"]
[EventType "swiss"]
[EventCountry "IND"]
[SourceTitle "playchess.com"]
[Source "ChessBase"]
[SourceQuality "1"]
[TimeControl "40/5400+30:1800+30"]

1. Nf3 Nf6 2. g3 b6 3. Bg2 Bb7 4. c4 c5 5. O-O e6 6. Nc3 Be7 7. Re1 d6 8. e4 Nbd7 9. d4 cxd4 10. Nxd4 Qc7 11. b3 O-O 12. Bb2 Rac8 13. Qe2 Rfe8 14. Rad1 Qb8 15. f4 e5 16. Nf5 Bf8 17. Nd5 g6 18. Nfe3 Bxd5 19. Nxd5 Nxd5 20. Rxd5 exf4 21. gxf4 Nc5 22. Qd2 Bg7 23. Bxg7 Kxg7 24. Rxd6 Rcd8 25. Rd5 Ne6 26. Rf1 Nc7 27. Rxd8 Rxd8 28. Qc3+ Kg8 29. e5 b5 30. c5 Ne6 31. c6 Qb6+ 32. Kh1 b4 33. Qc2 Qe3 34. f5 Nd4 35. Qc5 Nxf5 36. Qxe3 Nxe3 37. Rc1 Nxg2 38. Kxg2 Kf8 39. Kf3 Ke7 40. Ke4 Ke6 41. Rc4 a5 42. Rc5 Rc8 43. Kd4 h5 44. Kc4 h4 45. Kb5 g5 46. Kb6 g4 47. Kb7 Rg8 48. c7 g3 49. hxg3 hxg3 50. c8=Q+ Rxc8 51. Kxc8 Kf5 52. e6+ Kxe6 53. Rg5 f5 54. Rxg3 Ke5 55. Kb7 f4 56. Rg8 Kd4 57. Kb6 Kc3 58. Kxa5 1-0

[Event "WYCC U14 Open 2019"]
[Site "Mumbai"]
[Date "2019.10.04"]
[Round "4.15"]
[White "Pham, Khoi"]
[Black "Srikrishnan P"]
[Result "1-0"]
[ECO "D36"]
[WhiteElo "2121"]
[BlackElo "1929"]
[Annotator "NA"]
[PlyCount "64"]
[EventDate "2019.10.02"]
[EventType "swiss"]
[EventCountry "IND"]
[SourceTitle "playchess.com"]
[Source "ChessBase"]
[SourceQuality "1"]
[TimeControl "40/5400+30:1800+30"]

1. d4 e6 2. c4 d5 3. Nc3 Nf6 4. cxd5 exd5 5. Bg5 c6 6. Qc2 Be7 7. e3 Nbd7 8. Bd3 Nh5 9. Bxe7 Qxe7 10. O-O-O Ndf6 11. h3 g6 12. g4 Ng7 13. Nf3 Be6 14. Kb1 O-O-O 15. Ne5 Nd7 16. Nxd7 Qxd7 17. f3 Kb8 18. Na4 Qe7 19. Rc1 h5 20. Rhe1 hxg4 21. hxg4 Rh3 22. Be2 f5 23. Qb3 fxg4 24. fxg4 Re8 25. Nc5 Bc8 26. Na6+ Ka8 27. Rxc6 bxa6 28. Rec1 Qb7 29. Qxd5 Be6 30. Qg2 Rb8 31. Bxa6 Qd7 32. Bd3 Qb7 1-0

[Event "WYCC U14 Open 2019"]
[Site "Mumbai"]
[Date "2019.10.04"]
[Round "4.16"]
[White "Titze, Leo"]
[Black "Huang, Patrick"]
[Result "1/2-1/2"]
[ECO "A42"]
[WhiteElo "1927"]
[BlackElo "2120"]
[Annotator "NA"]
[PlyCount "132"]
[EventDate "2019.10.02"]
[EventType "swiss"]
[EventCountry "IND"]
[SourceTitle "playchess.com"]
[Source "ChessBase"]
[SourceQuality "1"]
[TimeControl "40/5400+30:1800+30"]

1. d4 g6 2. c4 Bg7 3. Nc3 d6 4. e4 e5 5. d5 Na6 6. Be2 f5 7. exf5 Bxf5 8. g4 Bd7 9. h4 Qe7 10. Be3 Nh6 11. Bg5 Qf8 12. Nh3 Nf7 13. Qc2 Nxg5 14. hxg5 Qe7 15. O-O-O O-O-O 16. f3 Rde8 17. Ne4 Nc5 18. Nhf2 h6 19. Nxc5 Qxg5+ 20. Kb1 dxc5 21. Ne4 Qf4 22. Nxc5 e4 23. Qb3 b6 24. Nxe4 Bxg4 25. fxg4 Rxe4 26. Bd3 Re3 27. Rhf1 Qe5 28. c5 Kb8 29. a4 Rd8 30. cxb6 axb6 31. a5 Rxd5 32. axb6 c6 33. Qa2 Qe7 34. Qa7+ Qxa7 35. bxa7+ Kxa7 36. Rf7+ Kb6 37. Rxg7 Rexd3 38. Rxd3 Rxd3 39. Rxg6 Rh3 40. Ka2 Kb5 41. Rg8 Kc4 42. Rg7 Kd5 43. g5 h5 44. g6 Ke5 45. Rc7 Kf5 46. Rxc6 Rg3 47. b4 h4 48. Rc4 h3 49. Rh4 Kxg6 50. b5 Kg5 51. Rh8 Rg2+ 52. Ka3 Rg3+ 53. Ka4 Rg4+ 54. Ka5 Rh4 55. Rg8+ Kf5 56. Rg1 h2 57. Rh1 Ke5 58. Ka6 Kd6 59. b6 Kc5 60. Rc1+ Rc4 61. Rh1 Rc2 62. Ka7 Ra2+ 63. Kb7 Rc2 64. Ka7 Ra2+ 65. Kb7 Rg2 66. Ka7 Ra2+ 1/2-1/2

[Event "WYCC U14 Open 2019"]
[Site "Mumbai"]
[Date "2019.10.05"]
[Round "5.2"]
[White "Pranav Anand"]
[Black "Poltorak, Sebastian"]
[Result "*"]
[ECO "E16"]
[WhiteElo "2351"]
[BlackElo "2130"]
[Annotator "RC"]
[PlyCount "24"]
[EventDate "2019.10.02"]
[EventType "swiss"]
[EventCountry "IND"]
[SourceTitle "playchess.com"]
[Source "ChessBase"]
[SourceQuality "1"]
[TimeControl "40/5400+30:1800+30"]

1. d4 Nf6 2. c4 e6 3. Nf3 Bb4+ 4. Bd2 Qe7 5. g3 Bxd2+ 6. Qxd2 Nc6 7. b3 d5 8. Bg2 dxc4 9. bxc4 O-O 10. O-O e5 11. d5 Nb8 12. Nc3 Na6 *

[Event "WYCC U14 Open 2019"]
[Site "Mumbai"]
[Date "2019.10.05"]
[Round "5.3"]
[White "Manish, Kumar"]
[Black "Samant Aditya S"]
[Result "*"]
[ECO "B23"]
[WhiteElo "2132"]
[BlackElo "2334"]
[Annotator "RC"]
[PlyCount "27"]
[EventDate "2019.10.02"]
[EventType "swiss"]
[EventCountry "IND"]
[SourceTitle "playchess.com"]
[Source "ChessBase"]
[SourceQuality "1"]
[TimeControl "40/5400+30:1800+30"]

1. e4 c5 2. Nc3 Nc6 3. f4 g6 4. Nf3 Bg7 5. Bc4 e6 6. f5 Nge7 7. fxe6 dxe6 8. d3 O-O 9. O-O Na5 10. Bb3 Nxb3 11. axb3 e5 12. Be3 b6 13. Qe1 Nc6 14. Qg3 *

[Event "WYCC U14 Open 2019"]
[Site "Mumbai"]
[Date "2019.10.05"]
[Round "5.4"]
[White "Abinandhan R"]
[Black "Kolay, Alex"]
[Result "*"]
[ECO "C18"]
[WhiteElo "1830"]
[BlackElo "2164"]
[Annotator "RC"]
[PlyCount "33"]
[EventDate "2019.10.02"]
[EventType "swiss"]
[EventCountry "IND"]
[SourceTitle "playchess.com"]
[Source "ChessBase"]
[SourceQuality "1"]
[TimeControl "40/5400+30:1800+30"]

1. e4 e6 2. d4 d5 3. Nc3 Bb4 4. e5 c5 5. a3 Bxc3+ 6. bxc3 Ne7 7. h4 Qc7 8. Nf3 b6 9. Bb5+ Bd7 10. Bd3 Ba4 11. h5 h6 12. O-O Nbc6 13. Be3 c4 14. Be2 O-O-O 15. Qd2 Rdg8 16. Nh4 g5 17. Nf3 *

[Event "WYCC U14 Open 2019"]
[Site "Mumbai"]
[Date "2019.10.05"]
[Round "5.6"]
[White "Bochnicka, Vladimir"]
[Black "Pranav Vijay"]
[Result "*"]
[ECO "B06"]
[WhiteElo "2087"]
[BlackElo "2265"]
[Annotator "RC"]
[PlyCount "21"]
[EventDate "2019.10.02"]
[EventType "swiss"]
[EventCountry "IND"]
[SourceTitle "playchess.com"]
[Source "ChessBase"]
[SourceQuality "1"]
[TimeControl "40/5400+30:1800+30"]

1. e4 g6 2. d4 Bg7 3. Bc4 d6 4. Nf3 c6 5. Bb3 Nf6 6. Qe2 e5 7. dxe5 dxe5 8. O-O Qe7 9. Rd1 O-O 10. Bg5 h6 11. Bxf6 *

[Event "WYCC U14 Open 2019"]
[Site "Mumbai"]
[Date "2019.10.05"]
[Round "5.8"]
[White "Amanzhol, Sultan"]
[Black "Aaryan Varshney"]
[Result "*"]
[ECO "E10"]
[WhiteElo "2032"]
[BlackElo "2239"]
[Annotator "RC"]
[PlyCount "24"]
[EventDate "2019.10.02"]
[EventType "swiss"]
[EventCountry "IND"]
[SourceTitle "playchess.com"]
[Source "ChessBase"]
[SourceQuality "1"]
[TimeControl "40/5400+30:1800+30"]

1. d4 Nf6 2. c4 e6 3. Nf3 d5 4. e3 c5 5. Nc3 Nc6 6. Be2 Be7 7. O-O O-O 8. dxc5 dxc4 9. Bxc4 Bxc5 10. a3 Qe7 11. b4 Bd6 12. e4 Ne5 *

[Event "WYCC U14 Open 2019"]
[Site "Mumbai"]
[Date "2019.10.05"]
[Round "5.9"]
[White "Colbow, Collin"]
[Black "Sun, Jiajun B"]
[Result "*"]
[ECO "B43"]
[WhiteElo "2148"]
[BlackElo "1977"]
[Annotator "RC"]
[PlyCount "24"]
[EventDate "2019.10.02"]
[EventType "swiss"]
[EventCountry "IND"]
[SourceTitle "playchess.com"]
[Source "ChessBase"]
[SourceQuality "1"]
[TimeControl "40/5400+30:1800+30"]

1. e4 c5 2. Nf3 e6 3. d4 cxd4 4. Nxd4 a6 5. Nc3 b5 6. Bd3 Bb7 7. O-O Qc7 8. Re1 d6 9. Nd5 exd5 10. exd5+ Ne7 11. Bf4 Kd8 12. Qe2 Qd7 *

[Event "WYCC U14 Open 2019"]
[Site "Mumbai"]
[Date "2019.10.05"]
[Round "5.14"]
[White "Borhy, Marcell"]
[Black "Jain Kashish Manoj"]
[Result "*"]
[ECO "E63"]
[WhiteElo "2321"]
[BlackElo "1930"]
[Annotator "RC"]
[PlyCount "23"]
[EventDate "2019.10.02"]
[EventType "swiss"]
[EventCountry "IND"]
[SourceTitle "playchess.com"]
[Source "ChessBase"]
[SourceQuality "1"]
[TimeControl "40/5400+30:1800+30"]

1. g3 Nf6 2. Bg2 g6 3. d4 Bg7 4. c4 O-O 5. Nc3 d6 6. Nf3 Nc6 7. O-O a6 8. Bf4 Rb8 9. Rc1 h6 10. d5 e5 11. dxe6 fxe6 12. Qc2 *

[Event "WYCC U14 Open 2019"]
[Site "Mumbai"]
[Date "2019.10.06"]
[Round "6.1"]
[White "Samant Aditya S"]
[Black "Suleymanli, Aydin"]
[Result "0-1"]
[ECO "B19"]
[WhiteElo "2334"]
[BlackElo "2426"]
[Annotator "ChessBase"]
[PlyCount "169"]
[EventDate "2019.10.02"]
[EventType "swiss"]
[EventCountry "IND"]
[SourceTitle "playchess.com"]
[Source "ChessBase"]
[SourceQuality "1"]
[TimeControl "40/5400+30:1800+30"]

1. e4 c6 2. d4 d5 3. Nc3 dxe4 4. Nxe4 Bf5 5. Ng3 Bg6 6. h4 h6 7. Nf3 Nd7 8. h5 Bh7 9. Bd3 Bxd3 10. Qxd3 Ngf6 11. Bd2 Qc7 12. O-O-O O-O-O 13. Ne4 e6 14. g3 Nxe4 15. Qxe4 Bd6 16. Kb1 Rhe8 17. Qe2 Nf6 18. c4 c5 19. Bc3 cxd4 20. Nxd4 a6 21. Nb3 Qc6 22. Bxf6 gxf6 23. Qe3 Bf8 24. g4 Rd6 25. f3 Red8 26. Rxd6 Qxd6 27. Rc1 Kb8 28. Qe4 Be7 29. Qe3 f5 30. c5 Qd3+ 31. Qxd3 Rxd3 32. gxf5 exf5 33. c6 Bg5 34. f4 Bxf4 35. Rf1 Bg5 36. Rxf5 bxc6 37. Rxf7 Rd5 38. Rf3 Kc7 39. Kc2 Bh4 40. Rh3 Bf6 41. Rf3 Be7 42. Rh3 Bg5 43. Rf3 a5 44. a4 Kb6 45. Rf2 Be7 46. Rh2 Bd6 47. Rh3 Bf4 48. Rf3 Bg5 49. Rf2 Be7 50. Rh2 Bb4 51. Nc1 Rc5+ 52. Kb1 Rc4 53. Rh3 Bd2 54. Nd3 Rxa4 55. Kc2 Bg5 56. Ne5 Re4 57. Nf7 Bf4 58. Rh4 Re2+ 59. Kb1 Rf2 60. Rg4 a4 61. Rg6 Bc7 62. Nxh6 Be5 63. Ng4 Rxb2+ 64. Kc1 Bd4 65. Ne3 Rh2 66. Nc2 Be3+ 67. Kb1 Kb5 68. Rg4 c5 69. h6 Rxh6 70. Rg2 Rd6 71. Ka2 Rd2 72. Rxd2 Bxd2 73. Kb2 Bb4 74. Ne3 c4 75. Nc2 c3+ 76. Kb1 Bc5 77. Ka2 Kc4 78. Ne1 Bf2 79. Nc2 Kd3 80. Kb1 Bc5 81. Na1 a3 82. Ka2 c2 83. Nb3 Bd6 84. Ka1 Ke2 85. Ka2 0-1

[Event "WYCC U14 Open 2019"]
[Site "Mumbai"]
[Date "2019.10.06"]
[Round "6.2"]
[White "Pranav Vijay"]
[Black "Pranav Anand"]
[Result "1/2-1/2"]
[ECO "A45"]
[WhiteElo "2265"]
[BlackElo "2351"]
[Annotator "ChessBase"]
[PlyCount "130"]
[EventDate "2019.10.02"]
[EventType "swiss"]
[EventCountry "IND"]
[SourceTitle "playchess.com"]
[Source "ChessBase"]
[SourceQuality "1"]
[TimeControl "40/5400+30:1800+30"]

1. d4 Nf6 2. Bg5 Ne4 3. Bf4 d5 4. f3 Nf6 5. Nc3 e6 6. e4 Bb4 7. e5 Nfd7 8. Nge2 Be7 9. Be3 c5 10. f4 Nc6 11. g3 O-O 12. Qd2 b6 13. a4 Bb7 14. Bh3 Rc8 15. O-O Na5 16. b3 cxd4 17. Bxd4 Nc6 18. Bf2 Bb4 19. Qd1 Ncxe5 20. fxe5 Bxc3 21. Nxc3 Rxc3 22. Bd4 Rc6 23. Qe2 Qc8 24. Rf2 Ba6 25. Qd2 Nc5 26. Bg2 Ne4 27. Bxe4 dxe4 28. c4 Bb7 29. Raf1 e3 30. Bxe3 Rc7 31. Rd1 Ba8 32. h4 Bc6 33. Qe2 Rd7 34. Rdf1 Be4 35. Qg4 Bf5 36. Qf3 Qa8 37. Qxa8 Rxa8 38. Rb2 Rd3 39. Kf2 Bg4 40. a5 bxa5 41. Ra1 Bd1 42. Rxa5 Bxb3 43. c5 Bd5 44. Rxa7 Rf8 45. Rc2 Be4 46. Rd2 Rxd2+ 47. Bxd2 Rc8 48. Ke3 Bc6 49. Ba5 h6 50. Bb6 Bd5 51. Kd4 Ra8 52. Rxa8+ Bxa8 53. Kc4 Bc6 54. Kd4 Ba8 55. Kc4 Bc6 56. Kd4 Ba8 57. Ke3 h5 58. Kf4 g6 59. Kg5 Kf8 60. Kf6 Ke8 61. Bc7 Bc6 62. Bb6 Bb7 63. Bc7 Bc6 64. Bb6 Bb7 65. Bc7 Bc6 1/2-1/2

[Event "WYCC U14 Open 2019"]
[Site "Mumbai"]
[Date "2019.10.06"]
[Round "6.3"]
[White "Sun, Jiajun B"]
[Black "Sreeshwan Maralakshikari"]
[Result "0-1"]
[ECO "B12"]
[WhiteElo "1977"]
[BlackElo "2449"]
[Annotator "ChessBase"]
[PlyCount "68"]
[EventDate "2019.10.02"]
[EventType "swiss"]
[EventCountry "IND"]
[SourceTitle "playchess.com"]
[Source "ChessBase"]
[SourceQuality "1"]
[TimeControl "40/5400+30:1800+30"]

1. e4 c6 2. d4 d5 3. Bd3 dxe4 4. Bxe4 Nf6 5. Bf3 Bf5 6. Ne2 e6 7. Ng3 Bg6 8. c4 Bd6 9. Nc3 Nbd7 10. Nge4 Nxe4 11. Nxe4 Bxe4 12. Bxe4 Qh4 13. Bf3 O-O-O 14. Be3 Bb4+ 15. Kf1 Ne5 16. Qa4 Nxf3 17. gxf3 c5 18. dxc5 Bd2 19. Ke2 Bxe3 20. fxe3 Qh3 21. Rag1 Qf5 22. Qb3 g6 23. c6 bxc6 24. Qc3 e5 25. h4 e4 26. Rf1 Rhe8 27. Rhg1 Rd7 28. Rg5 exf3+ 29. Rxf3 Qb1 30. Rf1 Qe4 31. Rf6 Red8 32. Qb4 Qh1 33. Rxc6+ Qxc6 34. Rc5 Rd2+ 0-1

[Event "WYCC U14 Open 2019"]
[Site "Mumbai"]
[Date "2019.10.06"]
[Round "6.4"]
[White "Srihari L R"]
[Black "Kolay, Alex"]
[Result "1-0"]
[ECO "A12"]
[WhiteElo "2283"]
[BlackElo "2164"]
[Annotator "ChessBase"]
[PlyCount "101"]
[EventDate "2019.10.02"]
[EventType "swiss"]
[EventCountry "IND"]
[SourceTitle "playchess.com"]
[Source "ChessBase"]
[SourceQuality "1"]
[TimeControl "40/5400+30:1800+30"]

1. Nf3 d5 2. c4 c6 3. b3 dxc4 4. bxc4 e5 5. Qc2 Nd7 6. Bb2 Bd6 7. e3 Ngf6 8. Nc3 O-O 9. Be2 Re8 10. d4 e4 11. Nd2 Qe7 12. g4 h6 13. h4 Nf8 14. g5 hxg5 15. hxg5 N6h7 16. Ncxe4 Nxg5 17. Nxd6 Qxd6 18. O-O-O Qe7 19. Rdg1 f6 20. Bd3 b6 21. Rg3 Qc7 22. f4 Rb8 23. Nf1 Nge6 24. Bg6 Nxg6 25. Qxg6 Bb7 26. Rgh3 Kf8 27. f5 Qf7 28. Rh8+ Ke7 29. Ba3+ c5 30. Qxf7+ Kxf7 31. fxe6+ Kxe6 32. d5+ Bxd5 33. cxd5+ Kxd5 34. R8h7 Rb7 35. Rg1 Ree7 36. Rg6 Kc4 37. Kc2 b5 38. Nd2+ Kd5 39. Rh5+ Re5 40. Rxe5+ Kxe5 41. Rg3 Rc7 42. Rh3 a5 43. Rh5+ f5 44. Bb2+ Ke6 45. Rg5 a4 46. a3 b4 47. Nc4 bxa3 48. Rg6+ Kd5 49. Kd3 Rc6 50. Bxg7 a2 51. Ba1 1-0

[Event "WYCC U14 Open 2019"]
[Site "Mumbai"]
[Date "2019.10.06"]
[Round "6.5"]
[White "Aaryan Varshney"]
[Black "Abinandhan R"]
[Result "0-1"]
[ECO "D58"]
[WhiteElo "2239"]
[BlackElo "1830"]
[Annotator "ChessBase"]
[PlyCount "98"]
[EventDate "2019.10.02"]
[EventType "swiss"]
[EventCountry "IND"]
[SourceTitle "playchess.com"]
[Source "ChessBase"]
[SourceQuality "1"]
[TimeControl "40/5400+30:1800+30"]

1. d4 Nf6 2. c4 e6 3. Nf3 d5 4. Nc3 Be7 5. Bg5 O-O 6. e3 h6 7. Bh4 b6 8. Bd3 Bb7 9. O-O Nbd7 10. Qe2 Ne4 11. Bg3 Ndf6 12. Rfd1 Nxc3 13. bxc3 Ne4 14. Rac1 Ba3 15. Rc2 Bc6 16. cxd5 Qxd5 17. Bc4 Qa5 18. Qe1 Ba4 19. Bb3 c5 20. Ne5 b5 21. c4 Bb4 22. Qf1 Rac8 23. d5 exd5 24. Rxd5 Nd2 25. Rcxd2 Bxd2 26. cxb5 Bxb5 27. Bc4 a6 28. a4 Bxa4 29. Bxa6 Rcd8 30. Bc4 Rxd5 31. Bxd5 Bb5 32. Qb1 Bc3 33. h4 Qa1 34. Qxa1 Bxa1 35. Nc4 Bxc4 36. Bxc4 Rd8 37. Kf1 Rd2 38. h5 Bc3 39. Bf4 Bb4 40. g4 Rc2 41. Bb3 Rc1+ 42. Ke2 c4 43. Ba4 Re1+ 44. Kf3 Ra1 45. Bb5 c3 46. Bd3 Rd1 47. Ke4 Rd2 48. Be5 c2 49. Bxc2 Rxc2 0-1

[Event "WYCC U14 Open 2019"]
[Site "Mumbai"]
[Date "2019.10.06"]
[Round "6.6"]
[White "Tsvetkov, Andrey"]
[Black "Poltorak, Sebastian"]
[Result "1-0"]
[ECO "E11"]
[WhiteElo "2382"]
[BlackElo "2130"]
[Annotator "ChessBase"]
[PlyCount "71"]
[EventDate "2019.10.02"]
[EventType "swiss"]
[EventCountry "IND"]
[SourceTitle "playchess.com"]
[Source "ChessBase"]
[SourceQuality "1"]
[TimeControl "40/5400+30:1800+30"]

1. d4 Nf6 2. c4 e6 3. Nf3 Bb4+ 4. Nbd2 O-O 5. a3 Be7 6. e4 d6 7. Be2 b6 8. O-O Bb7 9. Qc2 c5 10. d5 e5 11. Rd1 Ne8 12. Nf1 g6 13. Bh6 Ng7 14. Rab1 f5 15. exf5 gxf5 16. Ng3 Bc8 17. Qd2 Nd7 18. Ng5 Bxg5 19. Bxg5 Qe8 20. f4 e4 21. Nf1 Qg6 22. Bh4 Nh5 23. Be7 Re8 24. Bxh5 Qxh5 25. Bxd6 Qh6 26. Bc7 Qf6 27. b4 Ba6 28. bxc5 Nxc5 29. Be5 Qf7 30. Qd4 Nd3 31. Ne3 Rac8 32. Rxd3 exd3 33. Qxd3 Red8 34. Nxf5 Bxc4 35. Qg3+ Kf8 36. Nd6 1-0